 Dungeon Crawl Stone Soup version 0.22-a0-608-g8a62e23 (webtiles) character file.

79 Hebeh the Magician (level 4, -8/24 HPs)
             Began as a Deep Elf Fire Elementalist on July 9, 2018.
             Was an Initiate of Vehumet.
             Mangled by a gnoll
             ... wielding a +0 halberd
              (9 damage)
             ... on level 3 of the Dungeon.
             The game lasted 00:11:52 (2512 turns).

Hebeh the Magician (Deep Elf Fire Elementalist)     Turns: 2512, Time: 00:11:55

Health: -8/24      AC:  2    Str:  6    XL:     4   Next: 17%
Magic:  0/12       EV: 13    Int: 20    God:    Vehumet [......]
Gold:   144        SH:  0    Dex: 15    Spells: 8/11 levels left

rFire    . . .     SeeInvis .   g - +0 whip
rCold    . . .     Gourm    .   (no shield)
rNeg     . . .     Faith    .   a - +0 robe
rPois    .         Spirit   +   (no helmet)
rElec    .         Reflect  .   n - scarf {Spirit}
rCorr    .         Harm     .   (no gloves)
MR       .....                  (no boots)
Stlth    ++........             (no amulet)
HPRegen  0.08/turn              (no ring)
MPRegen  0.13/turn              (no ring)

@: no status effects
A: no striking features
a: Renounce Religion


You were on level 3 of the Dungeon.
You worshipped Vehumet.
Vehumet was noncommittal.
You were hungry.

You visited 1 branch of the dungeon, and saw 3 of its levels.

You collected 144 gold pieces.

Inventory:

Hand Weapons
 g - a +0 whip (weapon)
Missiles
 f - 73 stones (quivered)
Armour
 a - a +0 robe (worn)
 n - a scarf of spirit shield (worn)
Wands
 q - a wand of iceblast (7)
Scrolls
 b - a scroll of fog {unknown}
 d - 3 scrolls of identify {unknown}
 h - 3 scrolls of teleportation {unknown}
 j - 2 scrolls of blinking {unknown}
 l - a scroll of remove curse {unknown}
Potions
 e - 3 potions of flight {unknown}
 i - 3 potions of curing {unknown}
 k - 2 potions of berserk rage {unknown}
 m - a potion of degeneration {unknown}
 o - a potion of mutation {unknown}
 p - a potion of might {unknown}
Comestibles
 c - 4 rations
 r - 6 chunks of flesh


   Skills:
 + Level 0.9 Fighting
 - Level 2.4 Dodging
 - Level 2.4 Stealth
 * Level 4.2 Spellcasting
 * Level 2.4 Conjurations
 * Level 4.0 Fire Magic


You had 8 spell levels left.
You knew the following spells:

 Your Spells              Type           Power        Failure   Level  Hunger
a - Flame Tongue          Conj/Fire      ###..        3%          1    None
b - Throw Flame           Conj/Fire      ###...       4%          2    #......

Your spell library contained the following spells:

 Spells                   Type           Power        Failure   Level  Hunger
 Fireball                 Conj/Fire      ###.......   67%         5    ######.
 Conjure Flame            Conj/Fire      ###.....     10%         3    ###....
 Sticky Flame             Conj/Fire      ###.....     32%         4    ####...
 Inner Flame              Hex/Fire       ##......     17%         3    ###....


Dungeon Overview and Level Annotations

Branches:
Dungeon (3/15)

Altars:
Cheibriados
Trog
Vehumet

Annotations:
D:3 1 runed door, Nib's ghost, amateur DrAK


Message History

The gnoll hits you with a club. The gnoll misses you.
The gnoll barely misses you. The gnoll closely misses you.
Casting: Flame Tongue (safe; 3% risk of failure)
Confirm with . or Enter, or press ? or * to list all spells.
You don't know that spell.
Memorise Conjure Flame, consuming 3 spell levels and leaving 5?
You start memorising the spell.
You continue memorising.
The gnoll hits you but does no damage.
Your memorisation is interrupted.
The gnoll barely misses you.
You see here a club.
The gnoll hits you with a club!
* * * LOW HITPOINT WARNING * * *
You hit the gnoll.
The gnoll is lightly wounded.
The gnoll hits you with a club!
* * * LOW HITPOINT WARNING * * *
The gnoll barely misses you.
The gnoll hits you from afar with a halberd!
You die...

....# .# #..# >#
#..###############.##
#...........>)..#...##
##..#####.#####......#
#..# #.####.......#
#))# #.##.........#
#..# #.......#...##
###..#
####..g@##########
.....# ##).g.<.......#
####.# #.g#########.#
#.# #g.# #.# #.# #..#
#.# #.# ######..# #.#
#.# ##.......# #)#
#.###...###.## #.#
#........##.#######
#.#


You could see 4 gnolls.

Vanquished Creatures
  2 adders
  3 dart slugs
  3 leopard geckos (D:1)
  2 orcs (D:3)
  7 bats
  A giant cockroach (D:1)
  11 goblins
  5 hobgoblins
  A ball python (D:3)
  2 frilled lizards
  8 kobolds
  5 rats
50 creatures vanquished.

Notes
Turn   | Place    | Note
-------+----------+-------------------------------------------
     0 | D:1      | Hebeh the Deep Elf Fire Elementalist began the quest for the Orb.
     0 | D:1      | Reached XP level 1. HP: 10/10 MP: 6/6
   166 | D:1      | Reached XP level 2. HP: 15/15 MP: 6/8
   696 | D:1      | Reached XP level 3. HP: 12/20 MP: 1/10
  1554 | D:2      | Found a snail-covered altar of Cheibriados.
  1936 | D:3      | Noticed Nib's ghost (amateur DrAK)
  1940 | D:3      | Found a runed door.
  2069 | D:3      | Reached XP level 4. HP: 24/24 MP: 8/12
  2243 | D:3      | Found a bloodstained altar of Trog.
  2243 | D:3      | Found a radiant altar of Vehumet.
  2342 | D:3      | Became a worshipper of Vehumet
  2447 | D:3      | Learned a level 2 spell: Throw Flame
  2512 | D:3      | HP: 1/24 [gnoll/club (5)]
  2512 | D:3      | Mangled by a gnoll

Vault maps used:
D:1:      tarquinn_simple_flora_water_e, fountainhead
D:2:      first_ration, kennysheep_slug_shrine
D:3:      amethyst_overflow_temple_binary, hellmonk_ghost_happy_afterlife

Skill      XL: |  1  2  3 |
---------------+----------+-----
Conjurations   | 2 |  2.4
Spellcasting   | 4 |  4.2
Fire Magic     | 4 |  4.0
Fighting       | |  0.9
Dodging        | |  2.4
Stealth        | |  2.4

Action                   |  1- 3 |  4- 6 || total
-------------------------+-------+-------++-------
Melee: Whip              |       |     1 ||     1
Throw: Stone             |    29 |    18 ||    47
 Cast: Flame Tongue      |    70 |    12 ||    82
  Eat: Chunk             |     2 |     2 ||     4
Armor: Robe              |     3 |     2 ||     5
Dodge: Dodged            |    16 |    16 ||    32

Table legend:
 A = Spawn XP
 B = Non-spawn XP
 C = Spawn XP percentage of total XP
 D = Spawn monster count
 E = Non-spawn monster count
 F = Spawn count percentage of total count
 G = Total turns spent on level
                    A         B        C        D         E        F      G
               +---------+---------+-------+---------+---------+-------+---------
         Total |       0 |     114 |   0.0 |       0 |      50 |   0.0 |  2512
               +---------+---------+-------+---------+---------+-------+---------
           D:1 |       0 |      47 |   0.0 |       0 |      24 |   0.0 |  1060
           D:2 |       0 |      28 |   0.0 |       0 |      11 |   0.0 |   850
           D:3 |       0 |      39 |   0.0 |       0 |      15 |   0.0 |   602
               +---------+---------+-------+---------+---------+-------+---------
